 Dungeon Crawl Stone Soup version 0.29-a0-410-g9596d59a08 (webtiles) character file.

Game seed: 9978345567101115545

79 kstn the Skirmisher (level 4, -1/37 HPs)
             Began as a Formicid Fighter on May 14, 2022.
             Succumbed to a goblin's poison
             ... on level 3 of the Dungeon.
             The game lasted 00:03:19 (1284 turns).

kstn the Skirmisher (Formicid Fighter)              Turns: 1284, Time: 00:03:20

Health: -1/37      AC:  8    Str: 22    XL:     4   Next: 64%
Magic:  4/4        EV:  9    Int:  8    God:
Gold:   51         SH:  4    Dex: 10    Spells: 3/3 levels left

rFire   . . .      SeeInvis +   a - +0 war axe
rCold   . . .      Faith    .   c - +0 buckler
rNeg    . . .      Spirit   .   b - +0 scale mail
rPois   .          Reflect  .   (helmet unavailable)
rElec   .          Harm     .   (no cloak)
rCorr   .          Rampage  .   l - +0 pair of gloves {Stlth+}
Will    .....                   (no boots)
Stlth   +.........              (no amulet)
HPRegen 0.12/turn               (no ring)
MPRegen 0.09/turn               (no ring)

@: lethally poisoned (-1 -> -11)
A: permanent stasis, dig shafts and tunnels, antennae 3, four strong arms
a: Dig, Shaft Self


You were on level 3 of the Dungeon.
You visited 1 branch of the dungeon, and saw 3 of its levels.

You collected 51 gold pieces.

Inventory:

Hand Weapons
 a - a +0 war axe (weapon)
Armour
 b - a +0 scale mail (worn)
 c - a +0 buckler (worn)
 l - a +0 pair of gloves of stealth (worn)
Scrolls
 e - a scroll of acquirement {unknown}
 g - 3 scrolls of enchant armour {unknown}
 k - 2 scrolls of identify {unknown}
 m - a scroll of magic mapping {unknown}
 n - a scroll of fog {unknown}
Potions
 d - a potion of might
 f - a potion of cancellation {unknown}
 h - a potion of magic {unknown}
 i - a potion of ambrosia {unknown}
 j - a potion of flight {unknown}


   Skills:
 + Level 4.1 Fighting
 + Level 3.0 Axes
 + Level 4.1 Armour
 - Level 4.0 Shields


You had 3 spell levels left.
You didn't know any spells.
Your spell library contained the following spells:

 Spells                   Type           Power      Damage    Failure   Level
 Shock                    Conj/Air       0%         1d3       80%         1
 Airstrike                Air            0%         N/A       100%        4
 Swiftness                Air            Unusable   N/A       N/A         3

Dungeon Overview and Level Annotations

Branches:
Dungeon (3/15)

Altars:

Annotations:
D:2 Natasha, Robin


Innate Abilities, Weirdness & Mutations

You cannot be hasted, slowed, berserked, paralysed or teleported.
You can dig through walls and to a lower floor.
You have a pair of large antennae on your head. (SInv)
Your four strong arms can wield two-handed weapons with a shield.


Message History

An adder comes into view.
Natasha, Servant of Life and Death comes into view.
She is carrying a wand of flame (27).
The hobgoblin barely misses you.
The adder moves out of view.
Natasha hisses angrily.
You slash the hobgoblin!
You kill the hobgoblin!
Natasha drinks a potion.
Natasha's spells are empowered!
The goblin hits you but does no damage. The goblin hits you with a +0 dagger.
The goblin unwields a +1 dagger of draining.
The goblin wields a +0 hunting sling.
The goblin shoots a sling bullet.
The sling bullet hits you but does no damage.
The goblin throws a poisoned dart.
The poisoned dart closely misses you.
Natasha casts a spell.
The goblin shoots a sling bullet.
You block the sling bullet.
The goblin throws a poisoned dart.
You block the poisoned dart.
You see here a ball python corpse.
The goblin throws a poisoned dart.
The poisoned dart hits you!
You are poisoned.
The goblin throws a poisoned dart.
The poisoned dart hits you!
You are more poisoned.
You feel very sick.
The goblin throws a poisoned dart.
You block the poisoned dart.
There is an open door here.
You feel very sick.
The goblin throws a poisoned dart.
The poisoned dart barely misses you.
You feel very sick.
* * * LOW HITPOINT WARNING * * *
You feel very sick.
* * * LOW HITPOINT WARNING * * *
You feel sick.
* * * LOW HITPOINT WARNING * * *
You feel sick.
The goblin throws a poisoned dart.
The poisoned dart hits you!
You are lethally poisoned!
* * * LOW HITPOINT WARNING * * *
You feel very sick.
There is a stone staircase leading down here.
* * * LOW HITPOINT WARNING * * *
You feel very sick.
You climb downwards.
You die...

#........#
#........#
#........#
#........#
+........+
..#........#
#.........+
#.........##########
#.#..#@............#
# #..#..#.####.....#
#. #....†..#.....#
#. ##.#.##.#.....# #
#.####.#.....####
... #.#.........
.... #.#......... ..
.## #...#....... ###
.#####.(.##..


There were no monsters in sight!

Vanquished Creatures
  Natasha (D:2)
  2 adders
  A worm (D:2)
  4 endoplasms
  A giant cockroach (D:2)
  5 hobgoblins
  3 jackals (D:1)
  3 kobolds
  3 ball pythons
  3 bats (D:1)
  5 goblins
  A rat (D:1)
32 creatures vanquished.

Vanquished Creatures (others)
  4 toadstools (D:1)
4 creatures vanquished.

Grand Total: 36 creatures vanquished

Notes
Turn   | Place    | Note
-------+----------+-------------------------------------------
     0 | D:1      | kstn the Formicid Fighter began the quest for the Orb.
     0 | D:1      | Reached XP level 1. HP: 18/18 MP: 1/1
   158 | D:2      | Noticed Robin
   168 | D:1      | Reached XP level 2. HP: 1/24 MP: 2/2
   798 | D:1      | Reached XP level 3. HP: 30/30 MP: 3/3
   814 | D:1      | Found a faded altar of an unknown god.
   978 | D:3      | Noticed Natasha
   992 | D:2      | Killed Natasha
   993 | D:2      | Reached XP level 4. HP: 10/37 MP: 4/4
  1270 | D:2      | Noticed Natasha
  1284 | D:3      | Succumbed to a goblin's poison

Illustrated notes

Levels and vault maps discovered:
D:1:      ldierk_walled_garden_2, layout_loops_cross,
          hellmonk_ecumenical_altar_crossroads
D:2:      layout_basic, kennysheep_cross_bottleneck, uniq_robin
D:3:      layout_basic, minmay_misc_feat_cross, uniq_terence, uniq_natasha

Skill      XL: |  1  2  3  4 |
---------------+-------------+-----
Fighting       | 4 |  4.1
Armour         | 4 |  4.1
Axes           | 3 |  3.0
Shields        | |  4.0

Action                   |  1- 3 |  4- 6 || total
-------------------------+-------+-------++-------
Melee: War axe           |    51 |    17 ||    68
Armor: Scale mail        |    50 |     8 ||    58
Dodge: Dodged            |    44 |    10 ||    54
Block: Buckler           |    16 |     8 ||    24

Table legend: (Time is in decaauts)
 A = Elapsed time spent in this place.
 B = Non-inter-level travel time spent in this place.
 C = Inter-level travel time spent in this place.
 D = Time resting spent in this place.
 E = Time spent auto-exploring this place.
 F = Levels seen in this place.
 G = Mean time per level.
                   A        B        C        D        E       F      G
               +--------+--------+--------+--------+--------+-----+--------+
         Total |   1316 |   1301 |     15 |    486 |    507 |   3 |  438.7 |
       Dungeon |   1316 |   1301 |     15 |    486 |    507 |   3 |  438.7 |
               +--------+--------+--------+--------+--------+-----+--------+

Top non-repeatable levels by time:
     D:1: 934 daAuts
     D:2: 327 daAuts
     D:3: 54 daAuts
